 Dungeon Crawl Stone Soup version 0.30-a0-760-g5a9884bb7c (webtiles) character file.

Game seed: 17932811407169094972

436 kae the Digger (level 7, -5/36 HPs)
             Began as a Gargoyle Earth Elementalist on Feb 10, 2023.
             Was a Follower of Vehumet.
             Slain by a troll zombie (8 damage)
             ... in an ossuary.
             The game lasted 00:02:56 (3151 turns).

kae the Digger (Gargoyle Earth Elementalist)        Turns: 3151, Time: 00:02:57

Health: -5/36      AC:  8    Str: 11    XL:     7   Next: 1%
Magic:  3/13       EV: 11    Int: 18    God:    Vehumet [*.....]
Gold:   123        SH:  0    Dex: 10    Spells: 8/14 levels left

rFire   . . .      SeeInvis +    h - +5 mace "Eteatidd" {venom, SInv}
rCold   + . .      Faith    .    (no shield)
rNeg    + . .      Spirit   .    a - +0 robe
rPois   ∞          Reflect  .    l - +1 helmet
rElec   +          Harm     .    (no cloak)
rCorr   .          Rampage  .    (no gloves)
Will    .....                    (no boots)
Stlth   ++                       (no amulet)
HPRegen 0.26/turn                C - ring of protection from cold
MPRegen 0.13/turn                (no ring)

@: no status effects
A: sickness immunity, AC +4, negative energy resistance 1, electricity
resistance, torment resistance 1, petrification resistance
a: Renounce Religion


You were in an ossuary.
You worshipped Vehumet.
Vehumet was aware of your devotion.
You visited 1 branch of the dungeon, and saw 4 of its levels.
You also visited: Ossuary.

You collected 123 gold pieces.


Innate Abilities, Weirdness & Mutations

You are immune to sickness and miasma.
Your stone body is resilient. (AC +4)
You are immune to poison.
You resist negative energy. (rN+)
You are resistant to electric shocks. (rElec)
You are resistant to unholy torment.
You are immune to petrification.


   Skills:
 - Level 1.5 Dodging
 - Level 2.1 Stealth
 + Level 4.0 Spellcasting
 * Level 4.6 Conjurations
 - Level 0.7 Transmutations
 + Level 5.7 Earth Magic


You had 8 spell levels left.
You knew the following spells:

 Your Spells              Type           Power      Damage    Failure   Level
a - Sandblast             Erth           48%        2d12      1%          1
b - Stone Arrow           Conj/Erth      44%        3d9       5%          3
c - Passwall              Tmut/Erth      12%        N/A       6%          2

Your spell library contained the following spells:

 Spells                   Type           Power      Damage    Failure   Level
 Foxfire                  Conj/Fire      44%        2x1d6     6%          1
 Petrify                  Tmut/Erth      15%        N/A       36%         4

Inventory:

Hand Weapons
 h - the +5 mace "Eteatidd" (weapon) {venom, SInv}
   (You found it on level 2 of the Dungeon)

   SInv:      It lets you see invisible.
Missiles
 i - 16 stones
Armour
 a - a +0 robe (worn)
 l - a +1 helmet (worn)
   (You found it on level 2 of the Dungeon)
Magical Staves
 n - a staff of air {!a}
   (You found it on level 2 of the Dungeon)
Jewellery
 C - a ring of protection from cold (left hand)
   (You found it on level 3 of the Dungeon)
Scrolls
 f - a scroll of enchant armour
Potions
 b - a potion of magic
 c - 3 potions of haste {@q3}
 e - 2 potions of might
 j - a potion of lignification {!q}
 k - a potion of degeneration {!q}
 m - a potion of heal wounds {unknown}
 o - a potion of mutation {!q}

Dungeon Overview and Level Annotations

Branches:
Dungeon (4/15) Zot: 21339 Ossuary (1/1) Zot: 5427
 Temple: D:4-7

Altars:
Dithmenos
Ru
Vehumet
Xom
Yredelemnul

Annotations:
D:3 2 transporters, 1 runed translucent door, LowRida's ghost, amateur GnRe

######## #.#..# ###..#
#.'..# #.#..# +.#..#
########..# #....#.'..#
#....#.#..# #..Z@'.#..#
#....###..#
##################.'..#
..#....#....#....#.#..#
..#....#....#....#.#..#
..#....#....#....###..#
..#....#....#....'.'..#
#'###'####'#######.#..#
...#...#...#...#...#..#


You could see a troll zombie.


Message History

Aim: an adder zombie (71% to hit)
The stone arrow hits the adder zombie!
The adder zombie barely misses you. 😎 MP[-3]
You lost 3 mp, and now have 9/12 mp.
An adder zombie is nearby!
Casting: Stone Arrow (dangerous; 5% risk of failure)
Confirm with . or Enter, or press ? or * to list all spells.
Aiming: Stone Arrow (dangerous; 5% risk of failure)
Press: ? - help, Shift-Dir - straight line, f/p - adder zombie
Aim: an adder zombie (severely damaged, 71% to hit)
The stone arrow hits the adder zombie!
You destroy the adder zombie!
Vehumet accepts your kill.
You feel your power returning.
You have reached level 7! 😎 HP[+4] MP[-2]
You now have 36 max hp (+4).
Your hp is fully restored (36).
You lost 2 mp, and now have 7/13 mp.
You open the door.
There is an open door here.
You open the door.
A hobgoblin zombie comes into view. 😎 MP[+6]
Your mp is fully restored (13).
A hobgoblin zombie is nearby!
A hobgoblin zombie is nearby!
A hobgoblin zombie is nearby!
Casting: Stone Arrow (dangerous; 5% risk of failure)
Confirm with . or Enter, or press ? or * to list all spells.
Aiming: Stone Arrow (dangerous; 5% risk of failure)
Press: ? - help, Shift-Dir - straight line, f - hobgoblin zombie
Aim: a hobgoblin zombie (dormant, 100% to hit)
The stone arrow hits the hobgoblin zombie!
You destroy the hobgoblin zombie!
Vehumet accepts your kill.
You feel your power returning. 😎 MP[-2]
You lost 2 mp, and now have 11/13 mp.
There is an open door here.
You open the door.
An orc zombie comes into view.
Casting: Stone Arrow (dangerous; 5% risk of failure)
Confirm with . or Enter, or press ? or * to list all spells.
Aiming: Stone Arrow (dangerous; 5% risk of failure)
Press: ? - help, Shift-Dir - straight line, f - orc zombie
Aim: an orc zombie (dormant, 100% to hit)
The stone arrow hits the orc zombie!
You destroy the orc zombie!
Vehumet accepts your kill. 😎 MP[-3]
You lost 3 mp, and now have 8/13 mp.
There is an open door here.
You open the door.
A troll zombie comes into view. 😎 MP[+3]
You regained 3 mp, and now have 11/13 mp.
A troll zombie is nearby!
Casting: Stone Arrow (dangerous; 5% risk of failure)
Confirm with . or Enter, or press ? or * to list all spells.
You can't see any susceptible monsters within range! (Use Z to cast anyway.)
A troll zombie is nearby!
There is an open door here. 😎 MP[+1]
Casting: Stone Arrow (dangerous; 5% risk of failure)
Confirm with . or Enter, or press ? or * to list all spells.
Aiming: Stone Arrow (dangerous; 5% risk of failure)
Press: ? - help, Shift-Dir - straight line, f - troll zombie
Aim: a troll zombie (90% to hit)
The stone arrow hits the troll zombie!
The troll zombie bites you.
The troll zombie claws you. x2 😮 HP[-15] MP[-3]
You take 15 damage, and now have 21/36 hp.
MASSIVE DAMAGE!! (PAUSE)
You lost 3 mp, and now have 9/13 mp.
Casting: Stone Arrow (dangerous; 5% risk of failure)
Confirm with . or Enter, or press ? or * to list all spells.
Aiming: Stone Arrow (dangerous; 5% risk of failure)
Press: ? - help, Shift-Dir - straight line, f/p - troll zombie
Aim: a troll zombie (lightly damaged, 90% to hit)
The stone arrow hits the troll zombie!!
The troll zombie bites you!
* * * LOW HITPOINT WARNING * * *
The troll zombie barely misses you. The troll zombie claws you!
* * * LOW HITPOINT WARNING * * *
😱 HP[-19] MP[-3]
You take 19 damage, and now have 2/36 hp.
MASSIVE DAMAGE!! (PAUSE)
You lost 3 mp, and now have 6/13 mp.
You feel better. 😱 HP[+6]
You regained 6 hp, and now have 8/36 hp.
Unknown command.
Casting: Stone Arrow (dangerous; 5% risk of failure)
Confirm with . or Enter, or press ? or * to list all spells.
Aiming: Stone Arrow (dangerous; 5% risk of failure)
Press: ? - help, Shift-Dir - straight line, f/p - troll zombie
Aim: a troll zombie (heavily damaged, 90% to hit)
The stone arrow hits the troll zombie!!
The troll zombie bites you.
* * * LOW HITPOINT WARNING * * *
The troll zombie claws you!
You die...

Skill      XL: |  1  2  3  4  5  6 |
---------------+-------------------+-----
Earth Magic    | 4 5 |  5.7
Conjurations   | 1 3 4 |  4.6
Spellcasting   | 3 4 |  4.0
Dodging        | |  1.5
Stealth        | |  2.1
Transmutations | |  0.7

Action                     |  1- 3 |  4- 6 |  7- 9 || total
---------------------------+-------+-------+-------++-------
  Melee: Unarmed           |     2 |     1 |       ||     3
         Mace              |       |    60 |       ||    60
         Punch             |       |     1 |       ||     1
   Cast: Sandblast         |    48 |    69 |       ||   117
         Stone Arrow       |       |    11 |     5 ||    16
    Use: Scroll            |     2 |     8 |       ||    10
         Potion            |       |       |     1 ||     1
   Stab: Sleeping          |       |     2 |       ||     2
 Armour: Robe              |     9 |    43 |       ||    52
  Dodge: Dodged            |    16 |    55 |     1 ||    72

Levels and vault maps discovered:
D:1:      tarquinn_simple_flora_water_f, layout_loops_ring,
          basic_ecumenical_altar
D:2:      layout_loops_cross, serial_forest, infiniplex_forest_lined_1,
          infiniplex_forest_lined_room_2, infiniplex_forest_clump_medium,
          infiniplex_forest_straight_1, infiniplex_forest_3_way,
          infiniplex_forest_lined_room_3, infiniplex_forest_pool, basic_altar
D:3:      layout_rooms, grunt_dithmenos_smoke_and_mirrors,
          dk_yredelemnul_ordeal, gammafunk_ghost_arena, grunt_decor_resistance,
          uniq_grinder
D:4:      layout_basic, chequers_temple_overflow_minitemple, enter_ossuary_2,
          dk_vineyard_2, minmay_diced_spiral
Ossuary:  ossuary_boxes_badplayer

Notes
Turn   | Place    | Note
-------+----------+-------------------------------------------
     0 | D:1      | kae the Gargoyle Earth Elementalist began the quest for the
                  | Orb.
     0 | D:1      | Reached XP level 1. HP: 10/10 MP: 3/3
     0 | D:1      | magus.rc [v1.11.3]
   100 | D:1      | Reached XP level 2. HP: 15/15 MP: 0/5
   155 | D:1      | Reached skill level 4 in Earth Magic
   485 | D:1      | Found a faded altar of an unknown god.
   769 | D:2      | Reached XP level 3. HP: 13/19 MP: 2/7
   774 | D:2      | Learned a level 3 spell: Stone Arrow
   777 | D:2      | Learned a level 2 spell: Passwall
  1222 | D:2      | Reached skill level 1 in Conjurations
  1325 | D:2      | Reached XP level 4. HP: 23/24 MP: 5/8
  1405 | D:2      | Found a radiant altar of Vehumet.
  1411 | D:2      | Reached skill level 3 in Spellcasting
  1425 | D:2      | Became a worshipper of Vehumet
  1512 | D:2      | Identified the +5 mace "Eteatidd" {venom, SInv}
  1790 | D:3      | Noticed Grinder
  1791 | D:3      | Paralysed by Grinder for 4 turns
  1812 | D:3      | Paralysed by Grinder for 4 turns
  1816 | D:3      | Killed Grinder
  1817 | D:3      | Reached skill level 3 in Conjurations
  1817 | D:3      | Reached skill level 5 in Earth Magic
  1817 | D:3      | Reached XP level 5. HP: 17/28 MP: 0/10
  1817 | D:3      | Reached XP level 6. HP: 19/32 MP: 0/11
  1977 | D:3      | Found a transporter.
  1986 | D:3      | Reached skill level 4 in Conjurations
  2025 | D:3      | Found a transporter.
  2025 | D:3      | Noticed LowRida's ghost (amateur GnRe)
  2066 | D:3      | Found a shadowy altar of Dithmenos.
  2309 | D:3      | Noticed a human
  2310 | D:3      | Found a runed translucent door.
  2313 | D:3      | Reached * piety under Vehumet
  2313 | D:3      | Offered knowledge of Freeze by Vehumet.
  2328 | D:3      | Found a basalt altar of Yredelemnul.
  2574 | D:4      | Found a sacrificial altar of Ru.
  2574 | D:4      | Found a shimmering altar of Xom.
  2597 | D:4      | Found a sand-covered staircase.
  2602 | Ossuary  | Entered an ossuary
  2941 | Ossuary  | Offered knowledge of Foxfire by Vehumet.
  2942 | Ossuary  | Reached skill level 4 in Spellcasting
  2942 | Ossuary  | Reached ** piety under Vehumet
  3071 | Ossuary  | Reached XP level 7. HP: 36/36 MP: 7/13
  3149 | Ossuary  | HP: 2/36 [troll zombie (9)]
  3151 | Ossuary  | Slain by a troll zombie

Vanquished Creatures
  Grinder (D:3)
  A human zombie (Ossuary)
  An ogre zombie (Ossuary)
  2 mummies (Ossuary)
  5 adders
  3 adder zombies (Ossuary)
  2 worms
  A dart slug (D:2)
  3 orcs
  6 ball pythons
  6 endoplasms
  5 giant cockroaches
  5 hobgoblins
  11 jackals
  3 kobolds
  5 quokkas
  6 bats
  5 frilled lizards
  6 goblins
  A goblin zombie (Ossuary)
  3 hobgoblin zombies (Ossuary)
  A jackal zombie (D:3)
  8 kobold zombies
  An orc zombie (Ossuary)
  3 quokka zombies (Ossuary)
  3 rats
  6 rat zombies (Ossuary)
103 creatures vanquished.

Table legend:
 A = Non-vault XP
 B = Vault XP
 C = Vault XP percentage of total XP
 D = Non-vault monster count
 E = Vault monster count
 F = Vault count percentage of total count
                 A         B        C        D         E       F
            +---------+---------+-------+---------+---------+-------
      Total |     193 |     431 |  69.1 |      70 |      33 |  32.0
            +---------+---------+-------+---------+---------+-------
        D:1 |      23 |       0 |   0.0 |      15 |       0 |   0.0
        D:2 |      85 |       0 |   0.0 |      25 |       0 |   0.0
        D:3 |      60 |     283 |  82.5 |      20 |       3 |  13.0
        D:4 |      25 |       3 |  10.7 |      10 |       2 |  16.7
    Ossuary |       0 |     145 | 100.0 |       0 |      28 | 100.0
            +---------+---------+-------+---------+---------+-------

Illustrated notes

Table legend:
 A = Kills in this place as a percentage of kills in entire the game.
 B = Kills by you in this place as a percentage of kills by you in the entire game.
 C = Kills by friends in this place as a percentage of kills by friends in the entire game.
 D = Other kills in this place as a percentage of other kills in the entire game.
 E = Experience gained in this place as a percentage of experience gained in the entire game.
 F = Experience gained in this place divided by the number of levels of this place that you have seen.
                   A       B       C       D       E      F
               +-------+-------+-------+-------+-------+----------------------
         Total | 100.0 | 100.0 |   N/A |   N/A | 100.0 | 124.8
       Dungeon |  72.8 |  72.8 |   N/A |   N/A |  76.8 | 119.8
       Ossuary |  27.2 |  27.2 |   N/A |   N/A |  23.2 | 145.0
               +-------+-------+-------+-------+-------+----------------------

Table legend: (Time is in decaauts)
 A = Elapsed time spent in this place.
 B = Non-inter-level travel time spent in this place.
 C = Inter-level travel time spent in this place.
 D = Time resting spent in this place.
 E = Time spent auto-exploring this place.
 F = Levels seen in this place.
 G = Mean time per level.
                   A        B        C        D        E       F      G
               +--------+--------+--------+--------+--------+-----+--------+
         Total |   3232 |   3132 |    100 |     20 |   2527 |   5 |  646.4 |
       Dungeon |   2660 |   2560 |    100 |     20 |   2089 |   4 |  665.0 |
       Ossuary |    571 |    571 |      0 |      0 |    438 |   1 |  571.0 |
               +--------+--------+--------+--------+--------+-----+--------+

Top non-repeatable levels by time:
     D:2: 1001 daAuts
     D:1: 774 daAuts
     D:3: 682 daAuts
 Ossuary: 571 daAuts
     D:4: 201 daAuts
